Map: Catalyst LE

Players

Bly - Winner!

  • Race: Zerg Zerg
  • Spawn Location: 5:00

Sittingbull

  • Race: Protoss Protoss
  • Spawn Location: 11:00

Event: WCS Leipzig 2018

VOD

Have the link to the VOD?

Description

Time

  • Played on: Jan. 26, 2018, 6:57 a.m.
  • Length: 5:05

All games in this series

Show
View Real Time Build Order
Export as new Build Order

Bly Zerg - Winner!

Build Orders: Pool First 

Get SALT Encoding   

  12  0:01  Drone  
  13  0:13  Overlord  
  13  0:16  Drone  
  14  0:31  Drone  
  14  0:32  Drone  
  14  0:35  Drone  
  17  0:45  Spawning Pool  
  16  0:51  Drone  
  17  1:13  Drone  
  17  1:16  Drone  
  19  1:27  Hatchery  
  19  1:32  Zergling x4  
  20  1:37  Queen  
  20  1:39  Extractor  
  21  1:40  Zergling x2  
  22  1:51  Overlord  
  22  2:10  Drone  
  22  2:13  Queen  
  25  2:17  Drone  
  26  2:25  Drone  
  27  2:38  Drone  
  27  2:39  Queen  
  27  2:41  Metabolic Boost  
  30  2:45  Drone x2  
  30  2:49  Drone x3  
  35  2:54  Zergling x2  
  35  2:59  Overlord  
  34  3:08  Overlord  
  34  3:17  Queen  
  34  3:19  Zergling x4  
  38  3:20  Queen  
  38  3:26  Zergling x4  
  38  3:27  Zergling x4  
  43  3:38  Zergling x2  
  43  3:39  Zergling x4  
  44  3:52  Zergling x10  
  44  3:53  Zergling x2  
  50  4:02  Drone  
  51  4:04  Overlord x2  
  51  4:11  Queen  
  51  4:12  Baneling Nest  
  50  4:27  Zergling x4  
  50  4:28  Zergling x10  
  55  4:37  Zergling x8  
  54  4:47  Zergling x6  
  54  4:48  Zergling x2  
Show
View Real Time Build Order
Export as new Build Order

Sittingbull Protoss 

Build Orders: Oracle Opening 

Get SALT Encoding   

  12  0:00  Probe  
  13  0:12  Probe  
  14  0:22  Pylon  
  14  0:25  Probe  
  15  0:40  Probe  
  16  0:49  Gateway  
  16  0:52  Probe (Chrono Boost)  
  17  1:00  Assimilator  
  17  1:02  Probe (Chrono Boost)  
  18  1:07  Probe (Chrono Boost)  
  18  1:08  Assimilator  
  19  1:18  Probe  
  20  1:26  Gateway  
  20  1:30  Probe  
  20  1:38  Cybernetics Core  
  20  1:43  Probe, Zealot  
  23  1:56  Pylon  
  23  2:14  Probe  
  24  2:15  Adept (Chrono Boost)  
  24  2:18  Adept (Chrono Boost)  
  28  2:23  Stargate  
  28  2:36  Warp Gate (Chrono Boost)  
  28  2:43  Gateway  
  28  2:50  Adept (Chrono Boost)  
  30  3:11  Nexus  
  30  3:16  Pylon  
  30  3:21  Probe  
  31  3:34  Probe  
  32  3:41  Adept x2  
  32  3:46  Probe  
  32  3:47  Oracle (Chrono Boost)  
  36  3:58  Probe, Pylon  
  37  4:10  Probe  
  38  4:22  Probe  
  39  4:24  Twilight Council  
  39  4:27  Forge  
  33  4:35  Probe  
  34  4:39  Gateway  
  34  4:44  Probe  
  35  4:47  Probe, Pylon  
Tags
 
Add a new tag
Caveats
  • Supply blocks, unpowered buildings, or Contaminate may cause inaccurate times.
  • Supply counts are checked every 10 seconds.